 Dungeon Crawl Stone Soup version 0.27.1 (webtiles) character file.

Game seed: 5068280390600062104

368 zdrol the Covered (level 6, 0/79 HPs)
             Began as a Minotaur Fighter on Sept 5, 2021.
             Slain by an orc priest (8 damage)
             ... on level 4 of the Dungeon.
             The game lasted 00:11:37 (3536 turns).

zdrol the Covered (Minotaur Fighter)                Turns: 3536, Time: 00:11:38

Health: 0/79       AC: 23    Str: 22    XL:     6   Next: 41%
Magic:  5/5        EV:  2    Int:  5    God:
Gold:   214        SH: 15    Dex: 10    Spells: 5/5 levels left

rFire    . . .     SeeInvis .   a - +0 long sword
rCold    . . .     Faith    .   c - +0 kite shield
rNeg     + + +     Spirit   .   (armour currently unavailable)
rPois    +         Reflect  +   (helmet currently unavailable)
rElec    .         Harm     .   (cloak currently unavailable)
rCorr    .         Rampage  .   (gloves currently unavailable)
Will     .....     NoTele   +   (boots currently unavailable)
Stlth    +.........             s - amulet of reflection
HPRegen  0.23/turn              (no ring)
MPRegen  0.09/turn              (no ring)

@: tree-form
A: stationary, stasis, torment immunity, boosted hp, (horns 2), (retaliatory
headbutt)
a: no special abilities


You were on level 4 of the Dungeon.
You were a tree.
You visited 1 branch of the dungeon, and saw 4 of its levels.

You collected 214 gold pieces.

Inventory:

Hand Weapons
 a - a +0 long sword (weapon)
 e - a +2 dagger of venom
Missiles
 t - a throwing net (quivered)
Armour
 c - a +0 kite shield (worn)
 j - a +2 pair of boots of stealth (melded)
 v - a +0 chain mail (melded)
Jewellery
 s - an amulet of reflection (around neck)
Scrolls
 f - a scroll of enchant armour {unknown}
 g - a scroll of acquirement {unknown}
 h - a scroll of magic mapping {unknown}
 k - a scroll of holy word {unknown}
 m - a scroll of teleportation {unknown}
 o - a scroll of immolation {unknown}
 q - a scroll of silence {unknown}
 u - a scroll of torment {unknown}
Potions
 d - a potion of might
 i - a potion of cancellation {unknown}
 n - 2 potions of curing
 p - a potion of flight {unknown}
 r - a potion of brilliance {unknown}


   Skills:
 + Level 4.4 Fighting
 + Level 5.2 Long Blades
 + Level 5.2 Armour
 + Level 1.8 Dodging
 + Level 5.1 Shields


You had 5 spell levels left.
You didn't know any spells.
Your spell library was empty.

Dungeon Overview and Level Annotations

Branches:
Dungeon (4/15)             Temple (0/1) D:4

Altars:
Ashenzari
Wu Jian
Yredelemnul
The Shining One

Shops:
D:1 (


Innate Abilities, Weirdness & Mutations

You are a tree.
Your roots penetrate the ground, keeping you stationary.
You cannot be teleported.
You are immune to unholy pain and torment.
Your maximum health is greatly increased.
Your equipment is partially melded.
((You have a pair of horns on your head.))
((You reflexively headbutt those who attack you in melee.))


Message History

Found 20 arrows.
Save game and exit?
Welcome back, zdrol the Minotaur Fighter.
Press ? for a list of commands and other information.
An orc priest comes into view. It is wielding a +0 whip.
The orc priest shouts!
You hear a shout!
An orc and an orc priest come into view.
The orc shouts!
An orc comes into view. It is wielding a +0 whip.
An orc comes into view. It is wielding a +0 flail.
The orc shouts! x2
You block the orc priest's attack.
You see here 20 arrows.
The orc priest calls down the wrath of Beogh upon you.
Pain shoots through your body! The orc priest hits you with a +0 whip.
The orc priest mumbles some strange prayers to Beogh against you.
Beogh smites you! The orc priest barely misses you.
You riposte.
You hit the orc priest. You headbutt the orc priest.
The orc priest is heavily wounded.
You block the orc's attack.
You see here 20 arrows.
It was a potion of curing.
You feel better.
The orc priest mumbles some strange prayers to Beogh against you.
Beogh smites you! You block the orc's attack.
The orc priest invokes the aid of Beogh against you.
Beogh smites you!
* * * LOW HITPOINT WARNING * * *
You block the orc's attack.
It was a potion of lignification.
You turn into a tree.
Your +2 pair of boots of stealth melds into your body.
Your +0 chain mail melds into your body.
You feel less stealthy.
Your roots penetrate the ground.
The orc priest hits you but does no damage.
The orc hits you but does no damage. You block the orc's attack. x2
The orc priest barely misses you.
You hit the orc.
The orc is heavily wounded.
You block the orc priest's attack. The orc hits you but does no damage.
The orc priest hits you with a +0 war axe!
You die...

.. .......#.........
#.........#.........
...#.#...#...._....
##.#.#...#......(..
##..................
#.###.....#...#.........
.......................
#.oo..#.............
#.o♣.....#.#####.#..
.......oo........#
#.####
#################...#
###


You could see 2 orc priests and 3 orcs.

Vanquished Creatures
  A scorpion (D:4)
  A bullfrog zombie (D:3)
  A hound (D:4)
  2 orc wizards (D:4)
  2 hound zombies (D:3)
  7 adders
  3 gnolls
  A worm (D:2)
  3 dart slugs
  The ghost of nxtlvl the Ducker, a weakling DEMo (D:3)
  3 orcs (D:4)
  7 endoplasms
  A giant cockroach (D:1)
  4 goblins
  5 hobgoblins
  4 jackals
  7 quokkas
  6 ball pythons
  4 bats
  4 frilled lizards
  6 rats
73 creatures vanquished.

Vanquished Creatures (others)
  28 fungi (D:4)
28 creatures vanquished.

Grand Total: 101 creatures vanquished

Notes
Turn   | Place    | Note
-------+----------+-------------------------------------------
     0 | D:1      | zdrol the Minotaur Fighter began the quest for the Orb.
     0 | D:1      | Reached XP level 1. HP: 19/19 MP: 0/0
   482 | D:1      | Reached XP level 2. HP: 19/27 MP: 1/1
   773 | D:1      | You fall into a shaft and drop 1 floor!
   893 | D:2      | Reached XP level 3. HP: 22/33 MP: 2/2
  1196 | D:1      | Found Iddoas's Antique Weapon Boutique.
  1522 | D:2      | Found an ornate altar of the Wu Jian Council.
  1782 | D:3      | Found a runed translucent gate.
  1782 | D:3      | Found a runed translucent gate.
  1782 | D:3      | Found a runed translucent gate.
  1782 | D:3      | Noticed nxtlvl's ghost (weakling DEMo)
  1784 | D:3      | Found a basalt altar of Yredelemnul.
  1826 | D:3      | Reached XP level 4. HP: 39/40 MP: 3/3
  1996 | D:3      | Found a glowing golden altar of the Shining One.
  2630 | D:3      | Reached XP level 5. HP: 44/46 MP: 4/4
  2645 | D:3      | Killed nxtlvl's ghost
  2943 | D:3      | Found a faded altar of an unknown god.
  3058 | D:4      | Found a staircase to the Ecumenical Temple.
  3076 | D:4      | Reached skill level 5 in Armour
  3076 | D:4      | Reached skill level 1 in Dodging
  3271 | D:4      | Reached skill level 5 in Long Blades
  3271 | D:4      | Reached XP level 6. HP: 51/53 MP: 5/5
  3411 | D:4      | Found a broken altar of Ashenzari.
  3423 | D:4      | Reached skill level 5 in Shields
  3536 | D:4      | Slain by an orc priest

Illustrated notes

Levels and vault maps discovered:
D:1:      elethiomel_arrival_quiet, layout_basic, serial_shops,
          nicolae_lakefront_shop
D:2:      cheibrodos_helix_gallery, layout_rooms, basic_altar
D:3:      layout_loops_ring, tso_altar, nicolae_yredelemnul_ghost_church,
          dilly_ecumenical_altar_fadedgnrine, st_stairs_9
D:4:      layout_loops_ring, amcnicky_altar_gilded,
          mainiacjoe_overflow_cross_hatched, general_overflow_altar,
          minmay_temple_entry_junction, uniq_ijyb

Skill      XL: |  1  2  3  4  5  6 |
---------------+-------------------+-----
Armour         | 4 5 |  5.2
Fighting       | 4 |  4.4
Shields        | 4 5 |  5.1
Long Blades    | 3 4 5 |  5.2
Dodging        | 1 |  1.8

Action                   |  1- 3 |  4- 6 || total
-------------------------+-------+-------++-------
Melee: Long sword        |    91 |   114 ||   205
       Headbutt          |    11 |    24 ||    35
  Use: Potion            |       |     2 ||     2
Armor: Scale mail        |    66 |    44 ||   110
       Skin              |       |     3 ||     3
Dodge: Dodged            |    40 |    39 ||    79
Block: Kite shield       |    59 |    75 ||   134
       Rpst.: Long sword |    12 |    10 ||    22
